 Dungeon Crawl Stone Soup version 0.19.0-9-gfd783f2 (webtiles) character file.

19 mopl the Grave Robber (level 2, -2/19 HPs)
             Began as a Mummy Necromancer on Nov 7, 2016.
             Slain by an adder (3 damage)
             ... on level 2 of the Dungeon.
             The game lasted 00:02:32 (869 turns).

mopl the Grave Robber (Mummy Necromancer)            Turns: 869, Time: 00:02:33

Health: -2/19      AC:  2    Str: 11    XL:     2   Next: 55%
Magic:  2/5        EV: 12    Int: 14    God:
Gold:   45         SH:  0    Dex: 12    Spells: 2 memorised, 4 levels left

rFire  x . .     SeeInvis .     k - -1 dagger (curse)
rCold  + . .     Gourm    .     a - +0 robe
rNeg   + + +     Faith    .     (no shield)
rPois  ∞         Spirit   .     (no helmet)
rElec  .         Reflect  .     (no cloak)
rCorr  .         Harm     .     (no gloves)
MR     .....                    (no boots)
Stlth  ++........               (no amulet)
                                (no ring)
                                (no ring)

@: no status effects
A: no food or potions, fire vulnerability, cold resistance 1, negative energy
resistance 3, torment resistance, unbreathing
a: no special abilities


You were on level 2 of the Dungeon.
You were not hungry.

You visited 1 branch of the dungeon, and saw 2 of its levels.

You collected 45 gold pieces.

Inventory:

Hand Weapons
 b - a +0 hunting sling
 k - a cursed -1 dagger (weapon)
Missiles
 e - 22 stones (quivered)
Armour
 a - a +0 robe (worn)
Scrolls
 d - a scroll of remove curse {unknown}
 f - a scroll of blinking {unknown}
 g - a scroll of enchant weapon {unknown}
 h - a scroll of recharging {unknown}
 i - a scroll of immolation {unknown}
 j - a scroll of random uselessness {unknown}
Books
 c - a book of Necromancy

   Spells                             Type                      Level
   a - Pain                           Necromancy                   1
   b - Animate Skeleton               Necromancy                   1
   c - Vampiric Draining              Necromancy                   3
   d - Regeneration                   Charms/Necromancy            3
   e - Animate Dead                   Necromancy                   4
   f - Control Undead                 Necromancy                   4


   Skills:
 - Level 1.5 Dodging
 - Level 1.5 Stealth
 + Level 2.5 Spellcasting
 * Level 4.4 Necromancy


You had 4 spell levels left.
You knew the following spells:

 Your Spells              Type           Power        Failure   Level  Hunger
a - Pain                  Necr           ##..         3%          1    N/A
x - Animate Skeleton      Necr           N/A          3%          1    N/A

Dungeon Overview and Level Annotations

Branches:
Dungeon (2/15)

Altars:


Innate Abilities, Weirdness & Mutations

You do not eat or drink.
Your flesh is vulnerable to fire.
You are immune to poison.
Your flesh is cold resistant. (rC+)
You are immune to negative energy. (rN+++)
You are immune to unholy pain and torment.
You can survive without breathing.


Message History

The hobgoblin hits your goblin skeleton with a club.
Casting: Pain
Confirm with . or Enter, or press ? or * to list all spells.
Aiming: Pain
Press: ? - help, Shift-Dir - straight line, f/p - adder
Aim: an adder (chance to defeat MR: 79%)
The adder writhes in agony!
The adder bites you.
* * * LOW HITPOINT WARNING * * *
The giant cockroach bites you.
* * * LOW HITPOINT WARNING * * *
The adder closely misses you.
Unknown command.
Casting: Pain
Confirm with . or Enter, or press ? or * to list all spells.
Aiming: Pain
Press: ? - help, Shift-Dir - straight line, f/p - adder
Aim: an adder (heavily wounded, chance to defeat MR: 79%)
The adder writhes in agony!
The giant cockroach closely misses you. The adder bites you.
You die...

.. .... #####≈≈. .≈≈
.#..##%.... .#..#≈..
..≈##............ .#......
................. ......♣.
.♣.... .)........ ..##....
....# #...."... . ..#
#≈..♣..≈#####......###.#
.####≈≈.).≈≈#...@s..........
....# #...###...#S..........
%#### ##Z###..###Z..........
## ###.Z#...## #.g.........
#####.....†### #......[....
........#### ####.....###
.......## #.....# .......#
#.....# .......######
#.....#


You could see an adder, a giant cockroach, a hobgoblin and a friendly goblin
skeleton.

Vanquished Creatures
  A giant cockroach (D:2)
  2 hobgoblins (D:1)
  2 jackals (D:2)
  3 bats (D:1)
  2 frilled lizards (D:1)
  3 kobolds
  4 rats
17 creatures vanquished.

Vanquished Creatures (collateral kills)
  A goblin (D:2)
  A hobgoblin (D:1)
  A jackal (D:2)
  A bat (D:2)
4 creatures vanquished.

Vanquished Creatures (others)
  A quokka (D:2)
1 creature vanquished.

Grand Total: 22 creatures vanquished

Notes
Turn   | Place    | Note
-------+----------+-------------------------------------------
     0 | D:1      | mopl the Mummy Necromancer began the quest for the Orb.
     0 | D:1      | Reached XP level 1. HP: 13/13 MP: 3/3
     8 | D:1      | Learned a level 1 spell: Animate Skeleton
   262 | D:1      | Reached XP level 2. HP: 18/19 MP: 1/5
   869 | D:2      | Slain by an adder

Action                   || total
-------------------------++-------
Melee: Unarmed           ||    18
       Dagger            ||    10
 Fire: Hunting sling     ||    13
 Cast: Pain              ||    21
       Animate Skeleton  ||     6
 Stab: Sleeping          ||     1
Armor: Robe              ||    11
Dodge: Dodged            ||    37
